 Dungeon Crawl Stone Soup version 0.18-a0-1285-g60d00e1 (webtiles) character file.

2314 M4edhros the Covert (level 9, -7/53 HPs)
             Began as an Octopode Artificer on Feb 8, 2016.
             Shot with an arrow of flame by a centaur (19 damage)
             ... on level 8 of the Dungeon.
             The game lasted 00:18:19 (13284 turns).

M4edhros the Covert (Octopode Artificer)           Turns: 13284, Time: 00:18:21

Health: -7/53      AC:  3    Str: 10    XL:     9   Next: 41%
Magic:  15/15      EV: 15    Int: 19    God:    Xom [......]
Gold:   344        SH:  2    Dex: 13    Spells: 0 memorised, 8 levels left

rFire  . . .     SeeInvis .     x - +2 short sword (drain)
rCold  + . .     Gourm    .     (no shield)
rNeg   . . .     Faith    .     (helmet restricted)
rPois  .         Spirit   .     (no amulet)
rElec  .         Dismiss  .     (no ring)
rCorr  .         Reflect  .     (no ring)
SustAt .         Harm     .     (no ring)
MR     .....                    (no ring)
Stlth  ++++++....               (no ring)
                                (no ring)
                                (no ring)
                                (no ring)

@: drained, not resistant to hostile enchantments, very stealthy
A: almost no armour, amphibious, 8 rings, constrict 8, large bone plates 1,
camouflage 1, clever 1, cold resistance 1, high mp 1, gelatinous body 1
a: Renounce Religion


You were on level 8 of the Dungeon.
You worshipped Xom.
You were a very special plaything of Xom.
You were near starving.

You visited 2 branches of the dungeon, and saw 10 of its levels.

You collected 344 gold pieces.

Inventory:

Hand Weapons
 a - a +0 short sword
 j - a +2 vampiric short sword
 t - a +0 hunting sling
 x - a +2 short sword of draining (weapon)
 J - a +1 dagger of venom
Missiles
 u - 112 stones (quivered)
Wands
 b - a wand of flame (0/48)
 c - a wand of enslavement (5/24)
 d - a wand of random effects (3/48)
 C - a wand of random effects (27/48)
Scrolls
 g - 3 scrolls of enchant weapon {unknown}
 k - 7 scrolls of identify {unknown}
 p - a scroll of noise {unknown}
 s - a scroll of blinking {unknown}
 v - a scroll of amnesia {unknown}
 y - 6 scrolls of remove curse {unknown}
 A - 3 scrolls of random uselessness {unknown}
 B - 2 scrolls of teleportation {unknown}
 F - 2 scrolls of magic mapping {unknown}
 G - 2 scrolls of fog {unknown}
 L - a scroll of fear {unknown}
Potions
 e - 2 potions of degeneration {unknown}
 h - 3 potions of heal wounds {unknown}
 i - a potion of berserk rage {unknown}
 l - a potion of ambrosia {unknown}
 m - a potion of mutation {unknown}
 n - 2 potions of agility {unknown}
 r - 2 potions of magic {unknown}
 w - 3 potions of might {unknown}
 z - a potion of curing {unknown}
 E - 2 potions of lignification {unknown}
 H - a potion of brilliance {unknown}
 K - a potion of invisibility {unknown}
 M - 2 potions of resistance
Books
 o - a Necronomicon

   Spells                             Type                      Level
   a - Haunt                          Necromancy/Summoning         7
   b - Borgnjor's Revivification      Necromancy                   8
   c - Death's Door                   Charms/Necromancy            8
   d - Necromutation                  Transmutation/Necromancy     8
 q - a book of the Tempests

   Spells                             Type                      Level
   a - Static Discharge               Conjuration/Air              3
   b - Lightning Bolt                 Conjuration/Air              5
   c - Fireball                       Conjuration/Fire             5
   d - Tornado                        Air                          9
   e - Shatter                        Earth                        9
Comestibles
 f - 6 bread rations
 D - a slice of pizza
 I - 2 beef jerkies


   Skills:
 - Level 1.0(0.0) Fighting
 - Level 1.0(0.0) Short Blades
 * Level 8.0(6.8) Dodging
 * Level 10.6(9.3) Stealth
 + Level 7.2(6.0) Evocations


You had 8 spell levels left.
You didn't know any spells.

Dungeon Overview and Level Annotations

Branches:
Dungeon (9/15)             Temple (1/1) D:7
   Lair: D:8-11         Orc: D:9-12

Altars:
Ashenzari
Cheibriados
Dithmenos
Elyvilon
Fedhas
Gozag
Kikubaaqudgha
Makhleb
Nemelex Xobeh
Okawaru
Qazlal
Ru
Sif Muna
Trog
Vehumet
Xom
Yredelemnul
Zin
The Shining One

Shops:
D:7 *

Annotations:
D:8 Grum; M4edhros's ghost, novice OpAr


Innate Abilities, Weirdness & Mutations

You cannot wear most types of armour.
You are amphibious.
You can wear up to eight rings at the same time.
You can use your tentacles to constrict eight enemies at once.
Your skin changes colour to match your surroundings (Stealth).
Your rubbery body absorbs attacks (AC +1).
You are partially covered in large bone plates (AC +2, SH +2).
Your mind is acute. (Int +2)
Your flesh is cold resistant.
You have an increased reservoir of magic (+10% MP).


Message History

The arrow of flame hits you! The arrow of flame burns you.
Your wolf barely misses Grum.
Your wolf bites Grum but does no damage.
Your wolf barely misses Grum.
Your wolf bites Grum but does no damage.
The centaur shoots an arrow of flame.
The arrow of flame barely misses you.
Your wolf bites Grum.
Grum hits you from afar with a spear of chaos!
* * * LOW HITPOINT WARNING * * *
Grum burns you.
* * * LOW HITPOINT WARNING * * *
Drink which item? (? for menu, Esc to quit)
Okay, then. "See what I see, my child!"
You detect items!
You are now a very special plaything of Xom.
Your wolf bites Grum!
The centaur shoots an arrow of flame.
The arrow of flame hits you!!
You die...
Xom giggles madly!

#.#####.........# ##.# #
#....##.###.##.## #.#
####.........#.# #.#####
###.........## #......
#..........#####...... ∆
#.......#....##.......
#.......#.##.#...#.### ∆
##......#.##....##.#
##...@(.........##.#
#...........##..##.### ∆
#..<....#....)...#.##. ....
.##.....g....###...#..#. ...
..#......h............... ...
y...........ch....#...?..#
#..##..##......................
#.#... ##.#..####.............
###..$# #..#.## #.#........#..


You could see Grum, a wolf, a centaur and a friendly wolf.

Vanquished Creatures
  A wolf (D:8)
  Menkaure (D:5)
  An orc warrior (D:5)
  A wasp (D:7)
  5 ice beasts
  2 ogres
  2 giant frogs (D:6)
  A scorpion (D:8)
  A killer bee (D:7)
  8 wights
  A crimson imp (D:6)
  A giant frog zombie (D:9)
  3 hounds
  2 orc priests
  4 orc wizards
  A centaur skeleton (D:5)
  2 worker ants (D:4)
  An iguana (D:7)
  A hound skeleton (D:8)
  8 adders
  4 shadow imps
  An ooze (D:3)
  2 adder skeletons
  5 worms
  8 giant geckos
  31 orcs
  8 bats
  6 giant cockroaches
  8 goblins
  12 hobgoblins
  8 kobolds
  7 quokkas
  A ball python (D:2)
  2 giant newts
  7 rats
157 creatures vanquished.

Vanquished Creatures (collateral kills)
  A sky beast (D:7)
  A killer bee (D:8)
  An adder (D:2)
  A worm (D:2)
4 creatures vanquished.

Vanquished Creatures (others)
  A killer bee (D:8)
  A quasit (D:7)
  A fire vortex (D:7)
3 creatures vanquished.

Grand Total: 164 creatures vanquished

Notes
Turn   | Place    | Note
--------------------------------------------------------------
     0 | D:1      | M4edhros the Octopode Artificer began the quest for the Orb.
     0 | D:1      | Reached XP level 1. HP: 13/13 MP: 3/3
    51 | D:1      | Reached XP level 2. HP: 9/18 MP: 4/4
   649 | D:1      | Reached XP level 3. HP: 12/23 MP: 5/5
   902 | D:2      | Reached skill level 4 in Evocations
  1415 | D:2      | Reached XP level 4. HP: 28/28 MP: 7/7
  2244 | D:3      | Reached XP level 5. HP: 11/33 MP: 8/8
  3198 | D:4      | Reached XP level 6. HP: 36/38 MP: 9/9
  3231 | D:4      | Reached skill level 5 in Evocations
  3336 | D:4      | Reached skill level 5 in Stealth
  3450 | D:4      | Found a glowing silver altar of Zin.
  3981 | D:5      | Entered Level 5 of the Dungeon
  4053 | D:5      | Reached XP level 7. HP: 43/43 MP: 10/10
  4187 | D:5      | Reached skill level 5 in Dodging
  4187 | D:5      | Reached skill level 6 in Stealth
  4264 | D:5      | Found a sparkling altar of Nemelex Xobeh.
  4265 | D:5      | Found a stormy altar of Qazlal.
  4440 | D:5      | Noticed Menkaure
  4569 | D:5      | Found a sparkling altar of Nemelex Xobeh.
  4580 | D:5      | Killed Menkaure
  4580 | D:5      | Reached skill level 7 in Stealth
  4667 | D:5      | Found a deep blue altar of Sif Muna.
  4770 | D:6      | Found an opulent altar of Gozag.
  4860 | D:6      | Reached XP level 8. HP: 41/48 MP: 12/12
  5258 | D:6      | Reached skill level 8 in Stealth
  6017 | D:6      | Reached skill level 9 in Stealth
  6249 | D:7      | Found a staircase to the Ecumenical Temple.
  6300 | Temple   | Entered the Ecumenical Temple
  6320 | Temple   | Became a worshipper of Xom the Less-Predictable
  6744 | Temple   | XOM: harmless Necr miscast
  8106 | Temple   | XOM: divination: detect creatures
  8136 | Temple   | XOM: give mutations
  8136 | Temple   | Gained mutation: Your mind is acute. (Int +2) [Xom's mischief]
  8136 | Temple   | Gained mutation: You are frail (-10% HP). [Xom's mischief]
  8136 | Temple   | Lost mutation: You are frail (-10% HP). [Xom's mischief]
  8287 | Temple   | XOM: god gift: potion of resistance
  9332 | D:6      | XOM: divination: detect creatures
 10464 | D:5      | XOM: give mutations
 10464 | D:5      | Gained mutation: Your flesh is cold resistant. [Xom's grace]
 10464 | D:5      | Gained mutation: You are robust (+10% HP). [Xom's grace]
 10464 | D:5      | Gained mutation: You are partially covered in large bone plates (AC +2, SH +2). [Xom's grace]
 10815 | D:5      | XOM: give mutation
 10815 | D:5      | Lost mutation: You are robust (+10% HP). [Xom's mischief]
 10949 | D:6      | XOM: noise
 11100 | D:6      | XOM: repel stairs
 11107 | D:6      | XOM: confusion
 11162 | D:6      | XOM: vitrification
 11499 | D:7      | XOM: noise
 11500 | D:7      | XOM: confusion
 11544 | D:7      | Reached XP level 9. HP: 51/53 MP: 13/13
 11576 | D:7      | Found a glowing golden altar of the Shining One.
 11713 | D:7      | Reached skill level 10 in Stealth
 11758 | D:7      | Found Suyfatul's Assorted Antiques.
 12080 | D:8      | Noticed M4edhros's ghost (novice OpAr)
 12098 | D:8      | Paralysed by fainting for 8 turns
 12103 | D:8      | Found an iron altar of Okawaru.
 12103 | D:8      | XOM: 1-stop teleportation journey
 12441 | D:9      | Noticed a hill giant
 12713 | D:8      | XOM: medium Necr miscast
 12739 | D:8      | XOM: polymorph orc warrior -> worm
 12974 | D:8      | XOM: give mutations
 12974 | D:8      | Gained mutation: You have an increased reservoir of magic (+10% MP). [Xom's mischief]
 12974 | D:8      | Gained mutation: You are agile. (Dex +2) [Xom's mischief]
 12974 | D:8      | Lost mutation: You are agile. (Dex +2) [Xom's mischief]
 13093 | D:7      | XOM: mild Fire miscast
 13175 | D:7      | XOM: harmless Erth miscast
 13274 | D:8      | Noticed Grum
 13274 | D:8      | XOM: chaos upgrade
 13284 | D:8      | XOM: divination: detect items
 13284 | D:8      | Shot with an arrow of flame by a centaur

Vault maps used:
D:1:      dpeg_arrival_short_road, roderic_lattice_a, serial_bayou_pond_c
D:2:      roderic_roman_lattice
D:3:      forest_paths, first_bread
D:4:      kennysheep_little_box, minivault_14, eino_tiny_chamber,
          serial_bayou_pond_d, kennysheep_generic_room_13
D:5:      lemuel_blue_sif_altar, gammafunk_temple_overflow_pools,
          nemelex_lonely_heart_becter, uniq_menkaure
D:6:      wad_crossroads, overflow_temple_1_default, kennysheep_generic_room_7
D:7:      lemuel_round_altar, minmay_temple_entry_statues_pillars, serial_shops,
          nicolae_shop_trees
D:8:      nicolae_overflow_hidden_temple, uniq_grum
D:9:      lemuel_upstairs_altar, johnstein_pakellas_shop, erik_orc_1
Temple:   temple_eino_lava_12

Action                   |  1- 3 |  4- 6 |  7- 9 || total
-------------------------+-------+-------+-------++-------
Melee: Short sword       |    79 |   137 |   161 ||   377
       Dagger            |       |       |    40 ||    40
Evoke: Wand              |     3 |     6 |    28 ||    37
 Stab: Sleeping          |    12 |    18 |    15 ||    45
       Distracted        |       |       |     2 ||     2
       Confused          |       |       |     1 ||     1
       Paralysed         |       |       |     1 ||     1
  Eat: Chunk             |       |     9 |     8 ||    17
       Beef jerky        |       |       |     3 ||     3
       Meat ration       |       |       |     2 ||     2
       Pizza             |       |       |     2 ||     2
       Royal jelly       |       |       |     1 ||     1
